Oilers vs Flyers

Created - December 8 2010 at 18:03

Goals
1 2 3 T
Oilers 1 2 0 3
Flyers 0 0 1 1
Shots
1 2 3 T
Oilers 10 11 3 24
Flyers 6 3 9 18

Period #1

1. Oilers , Steve Sullivan 9 (Derek Roy, Ryan Parent) at 8:22

Penalties :
Alexandre Picard (PHI) for Tripping (Minor) at 1:07, John Madden (PHI) for Hooking (Minor) at 1:16, Ladislav Smid (PHI) for Fighting (Major) at 6:02, Roman Hamrlik (EDM) for Fighting (Major) at 6:02, Rostislav Klesla (PHI) for Interference (Minor) at 8:29

Period #2

2. Oilers , Todd Marchant 4 (Ryan Johnson, Bryce Salvador) at 8:03 (PP)
3. Oilers , Dany Heatley 13 (Radek Dvorak, Roman Hamrlik) at 11:28

Penalties :
Kevin Bieksa (PHI) for Close Hand On Puck (Minor) at 7:09, Chris Pronger (PHI) for Hooking (Minor) at 14:46, Scott Hannan (EDM) for Roughing (Minor) at 19:59

Period #3

4. Flyers , John Madden 7 (Kevin Bieksa, Rob Blake) at 6:59 (PP)

Penalties :
Scott Nichol (EDM) for Hooking (Minor) at 5:25, Scott Hannan (EDM) for Interference (Minor) at 8:01, Andrew Ladd (EDM) for Hooking (Minor) at 17:16, John Madden (PHI) for Holding (Minor) at 18:48

Goalie Stats

Kari Lehtonen (EDM), 17 saves from 18 shots - (0.944), W, 12-6-6, 60:00 minutes
Tomas Vokoun (PHI), 21 saves from 24 shots - (0.875), L, 8-14-5, 60:00 minutes

Players Stats

Oilers
Player Name              G  A  P  +/- PIM S  H  SB FO    MP 
------------------------------------------------------------
Adrian Aucoin            0  0  0   1  0   1  1  1  0/0   22 
Andrew Ladd              0  0  0   0  2   0  0  0  0/0   10 
Bryce Salvador           0  1  1   0  0   0  1  0  0/0   20 
Dany Heatley             1  0  1   1  0   5  1  0  1/1   20 
Derek Roy                0  1  1   1  0   5  0  1  9/13  20 
Mark Popovic             0  0  0   0  0   0  0  1  0/0   16 
Michal Handzus           0  0  0   1  0   4  1  0  5/18  19 
Miroslav Satan           0  0  0   0  0   0  0  0  0/0   10 
Radek Dvorak             0  1  1   1  0   0  0  0  0/4   21 
Rod BrindAmour           0  0  0   0  0   0  0  0  1/1   5  
Roman Hamrlik            0  1  1   1  5   1  0  0  0/0   22 
Ryan Johnson             0  1  1   0  0   0  0  0  8/14  15 
Ryan Parent              0  1  1   1  0   0  0  0  0/0   15 
Scott Hannan             0  0  0   1  4   1  0  2  0/0   21 
Scott Nichol             0  0  0   0  2   1  0  0  4/11  10 
Stephen Weiss            0  0  0   1  0   2  1  0  1/2   18 
Steve Sullivan           1  0  1   1  0   3  1  0  0/3   18 
Todd Marchant            1  0  1   0  0   1  0  0  0/0   9  
Flyers
Player Name              G  A  P  +/- PIM S  H  SB FO    MP 
------------------------------------------------------------
Alexandre Picard         0  0  0   0  2   3  2  1  0/1   21 
Andrei Markov            0  0  0  -1  0   0  0  1  0/0   17 
Andrej Sekera            0  0  0  -1  0   0  0  0  0/0   13 
Brendan Morrison         0  0  0   0  0   2  2  0  5/8   7  
Chris Pronger            0  0  0  -1  2   3  1  1  0/0   23 
Glen Metropolit          0  0  0   0  0   0  1  0  3/7   11 
Jochen Hecht             0  0  0  -2  0   2  2  1  2/4   22 
John Madden              1  0  1   0  4   2  1  1  12/18 19 
Justin Williams          0  0  0  -1  0   1  1  0  0/0   14 
Kevin Bieksa             0  1  1   0  2   0  1  2  0/0   21 
Kyle Brodziak            0  0  0  -1  0   0  0  0  7/10  20 
Ladislav Smid            0  0  0   0  5   0  2  2  0/0   13 
Lee Stempniak            0  0  0  -1  0   1  3  0  0/0   12 
Niklas Hagman            0  0  0   0  0   0  0  0  0/0   6  
Radim Vrbata             0  0  0   0  0   2  0  0  0/2   17 
Rob Blake                0  1  1   0  0   0  0  3  0/0   21 
Rostislav Klesla         0  0  0  -1  2   0  0  0  0/0   12 
Tim Connolly             0  0  0  -1  0   2  1  0  9/17  22 

3 Stars

1 - Dany Heatley (EDM)
2 - Steve Sullivan (EDM)
3 - Kari Lehtonen (EDM)

Power Play

Oilers - 1 on 6 Attempt(s) - 16.67%
Flyers - 1 on 4 Attempt(s) - 25.00%

Penalty Kill

Oilers - 3 on 4 Attempt(s) - 75.00% - Score 0 goal in Penalty Kill
Flyers - 5 on 6 Attempt(s) - 83.33% - Score 0 goal in Penalty Kill

Game Notes

Ladislav Smid beats up Roman Hamrlik at 6:02 of 1st period

Finance

Level 1 -- Attendance: 5137 (79.03%) -- Ticket Income $488,015.00
Level 2 -- Attendance: 4197 (83.94%) -- Ticket Income $226,638.00
Level 3 -- Attendance: 2800 (80.00%) -- Ticket Income $98,000.00
Level 4 -- Attendance: 2573 (73.12%) -- Ticket Income $38,595.00
Luxury Box -- Attendance: 769 (76.90%) -- Ticket Income $147,648.00
Game was played at the Wachovia Center
Total Attendance: 15476 (79.29%)
Total Ticket Income: $1,008,568.00
Other Income: $202,447.20
Total Income: $1,211,015.00


Play by Play

Period #1

0:01 of 1st period - Derek Roy wins face-off versus Tim Connolly in neutral zone.
0:56 of 1st period - Shot by Dany Heatley.
0:56 of 1st period - Stopped by Tomas Vokoun without a rebound.
0:57 of 1st period - Ryan Johnson wins face-off versus John Madden in Flyers zone.
1:07 of 1st period - Minor Penalty to Alexandre Picard for Tripping.
1:08 of 1st period - John Madden wins face-off versus Michal Handzus in Flyers zone.
1:16 of 1st period - Minor Penalty to John Madden for Hooking.
1:17 of 1st period - Michal Handzus wins face-off versus Jochen Hecht in Flyers zone.
1:32 of 1st period - Shot by Michal Handzus.
1:32 of 1st period - Stopped by Tomas Vokoun without a rebound.
1:33 of 1st period - Derek Roy wins face-off versus Tim Connolly in Flyers zone.
1:43 of 1st period - Shot by Adrian Aucoin.
1:43 of 1st period - Shot Misses the Net.
1:45 of 1st period - Shot by Bryce Salvador.
1:45 of 1st period - Shot Blocked by Chris Pronger.
2:33 of 1st period - Shot by Dany Heatley.
2:33 of 1st period - Shot Misses the Net.
2:35 of 1st period - Shot by Michal Handzus.
2:35 of 1st period - Shot Blocked by Rob Blake.
3:43 of 1st period - Shot by Lee Stempniak.
3:43 of 1st period - Shot Misses the Net.
3:45 of 1st period - Shot by Alexandre Picard.
3:45 of 1st period - Stopped by Kari Lehtonen with a rebound.
4:22 of 1st period - Shot by Tim Connolly.
4:22 of 1st period - Shot Misses the Net.
5:35 of 1st period - Kyle Brodziak is hit by Dany Heatley and loses puck.
6:02 of 1st period - Ladislav Smid beats up Roman Hamrlik.
6:02 of 1st period - Penalty to Ladislav Smid for Fighting.
6:02 of 1st period - Penalty to Roman Hamrlik for Fighting.
6:03 of 1st period - Rod BrindAmour wins face-off versus Tim Connolly in Flyers zone.
6:42 of 1st period - Icing by Derek Roy.
6:43 of 1st period - Scott Nichol wins face-off versus Jochen Hecht in Oilers zone.
6:49 of 1st period - Off-side.
6:50 of 1st period - Glen Metropolit wins face-off versus Michal Handzus in neutral zone.
7:10 of 1st period - Shot by Dany Heatley.
7:10 of 1st period - Stopped by Tomas Vokoun without a rebound.
7:11 of 1st period - John Madden wins face-off versus Michal Handzus in Flyers zone.
7:16 of 1st period - Shot by Dany Heatley.
7:16 of 1st period - Shot Misses the Net.
7:18 of 1st period - Shot by Scott Hannan.
7:18 of 1st period - Shot Blocked by Kevin Bieksa.
7:22 of 1st period - Shot by Dany Heatley.
7:22 of 1st period - Stopped by Tomas Vokoun with a rebound.
8:04 of 1st period - Shot by Tim Connolly.
8:04 of 1st period - Stopped by Kari Lehtonen with a rebound.
8:06 of 1st period - Shot by Chris Pronger.
8:06 of 1st period - Stopped by Kari Lehtonen without a rebound.
8:07 of 1st period - Kyle Brodziak wins face-off versus Derek Roy in Oilers zone.
8:10 of 1st period - Shot by Lee Stempniak.
8:10 of 1st period - Shot Misses the Net.
8:22 of 1st period - Shot by Steve Sullivan.
8:22 of 1st period - Goal by Steve Sullivan - Oilers : 1 - Flyers : 0.
8:23 of 1st period - Kyle Brodziak wins face-off versus Ryan Johnson in neutral zone.
8:29 of 1st period - Minor Penalty to Rostislav Klesla for Interference.
8:30 of 1st period - John Madden wins face-off versus Derek Roy in Flyers zone.
8:47 of 1st period - Shot by Adrian Aucoin.
8:47 of 1st period - Stopped by Tomas Vokoun without a rebound.
8:48 of 1st period - John Madden wins face-off versus Michal Handzus in Flyers zone.
9:00 of 1st period - Icing by Radek Dvorak.
9:01 of 1st period - Michal Handzus wins face-off versus Tim Connolly in Oilers zone.
9:50 of 1st period - Shot by Stephen Weiss.
9:50 of 1st period - Shot Blocked by Rob Blake.
9:52 of 1st period - Shot by Bryce Salvador.
9:52 of 1st period - Shot Misses the Net.
9:54 of 1st period - Shot by Derek Roy.
9:54 of 1st period - Stopped by Tomas Vokoun without a rebound.
9:55 of 1st period - Tim Connolly wins face-off versus Michal Handzus in Flyers zone.
11:22 of 1st period - Shot by Stephen Weiss.
11:22 of 1st period - Stopped by Tomas Vokoun without a rebound.
11:23 of 1st period - John Madden wins face-off versus Ryan Johnson in Flyers zone.
11:30 of 1st period - Shot by Radim Vrbata.
11:30 of 1st period - Shot Misses the Net.
11:34 of 1st period - Shot by John Madden.
11:34 of 1st period - Deflect By Radim Vrbata.
11:34 of 1st period - Shot Misses the Net.
11:41 of 1st period - Icing by Roman Hamrlik.
11:42 of 1st period - Tim Connolly wins face-off versus Ryan Johnson in Oilers zone.
12:13 of 1st period - Shot by Tim Connolly.
12:13 of 1st period - Shot Blocked by Mark Popovic.
12:22 of 1st period - Icing by Mark Popovic.
12:23 of 1st period - Glen Metropolit wins face-off versus Ryan Johnson in Oilers zone.
12:50 of 1st period - Shot by Tim Connolly.
12:50 of 1st period - Shot Misses the Net.
12:53 of 1st period - Icing by Roman Hamrlik.
12:54 of 1st period - Ryan Johnson wins face-off versus John Madden in Oilers zone.
12:56 of 1st period - Icing by Roman Hamrlik.
12:57 of 1st period - Ryan Johnson wins face-off versus John Madden in Oilers zone.
13:39 of 1st period - Shot by Derek Roy.
13:39 of 1st period - Deflect By Stephen Weiss.
13:39 of 1st period - Shot Blocked by John Madden.
13:45 of 1st period - Shot by Adrian Aucoin.
13:45 of 1st period - Shot Misses the Net.
14:00 of 1st period - Radim Vrbata is hit by Bryce Salvador and loses puck.
14:19 of 1st period - Shot by Todd Marchant.
14:19 of 1st period - Shot Misses the Net.
14:21 of 1st period - Shot by Scott Nichol.
14:21 of 1st period - Stopped by Tomas Vokoun without a rebound.
14:22 of 1st period - Kyle Brodziak wins face-off versus Michal Handzus in Flyers zone.
14:22 of 1st period - Kyle Brodziak is hit by Michal Handzus.
14:32 of 1st period - Shot by Lee Stempniak.
14:32 of 1st period - Shot Blocked by Scott Hannan.
14:34 of 1st period - Shot by Rostislav Klesla.
14:34 of 1st period - Shot Blocked by Derek Roy.
14:36 of 1st period - Shot by Alexandre Picard.
14:36 of 1st period - Stopped by Kari Lehtonen without a rebound.
14:37 of 1st period - Scott Nichol wins face-off versus Glen Metropolit in Oilers zone.
14:43 of 1st period - Off-side.
14:44 of 1st period - Kyle Brodziak wins face-off versus Michal Handzus in neutral zone.
15:10 of 1st period - Icing by Roman Hamrlik.
15:11 of 1st period - Brendan Morrison wins face-off versus Radek Dvorak in Oilers zone.
15:22 of 1st period - Shot by Alexandre Picard.
15:22 of 1st period - Stopped by Kari Lehtonen with a rebound.
16:24 of 1st period - Icing by Scott Nichol.
16:25 of 1st period - John Madden wins face-off versus Scott Nichol in Oilers zone.
17:09 of 1st period - Shot by Steve Sullivan.
17:09 of 1st period - Shot Misses the Net.
17:13 of 1st period - Shot by Derek Roy.
17:13 of 1st period - Deflect By Steve Sullivan.
17:13 of 1st period - Shot Blocked by Alexandre Picard.
17:17 of 1st period - Shot by Derek Roy.
17:17 of 1st period - Stopped by Tomas Vokoun without a rebound.
17:18 of 1st period - Tim Connolly wins face-off versus Michal Handzus in Flyers zone.
17:54 of 1st period - Shot by Justin Williams.
17:54 of 1st period - Deflect By Tim Connolly.
17:54 of 1st period - Shot Blocked by Scott Hannan.
18:42 of 1st period - Shot by Lee Stempniak.
18:42 of 1st period - Stopped by Kari Lehtonen with a rebound.
19:55 of 1st period - Derek Roy is hit by Kevin Bieksa.

Period #2

0:01 of 2nd period - Tim Connolly wins face-off versus Stephen Weiss in neutral zone.
0:24 of 2nd period - Andrei Markov is hit by Steve Sullivan and loses puck.
0:35 of 2nd period - Shot by Stephen Weiss.
0:35 of 2nd period - Shot Blocked by Jochen Hecht.
0:40 of 2nd period - Off-side.
0:41 of 2nd period - John Madden wins face-off versus Radek Dvorak in neutral zone.
0:57 of 2nd period - Off-side.
0:58 of 2nd period - Kyle Brodziak wins face-off versus Ryan Johnson in neutral zone.
1:03 of 2nd period - Shot by Alexandre Picard.
1:03 of 2nd period - Deflect By Lee Stempniak.
1:03 of 2nd period - Shot Misses the Net.
1:26 of 2nd period - Off-side.
1:27 of 2nd period - Tim Connolly wins face-off versus Michal Handzus in neutral zone.
2:51 of 2nd period - Icing by Adrian Aucoin.
2:52 of 2nd period - Derek Roy wins face-off versus Radim Vrbata in Oilers zone.
2:52 of 2nd period - Derek Roy is hit by John Madden.
3:28 of 2nd period - Icing by Ryan Johnson.
3:29 of 2nd period - Ryan Johnson wins face-off versus Tim Connolly in Oilers zone.
3:43 of 2nd period - Shot by Andrew Ladd.
3:43 of 2nd period - Shot Misses the Net.
4:45 of 2nd period - Icing by Alexandre Picard.
4:46 of 2nd period - Michal Handzus wins face-off versus Kyle Brodziak in Flyers zone.
5:35 of 2nd period - Shot by Radim Vrbata.
5:35 of 2nd period - Shot Misses the Net.
6:47 of 2nd period - Lee Stempniak is hit by Adrian Aucoin and loses puck.
7:09 of 2nd period - Minor Penalty to Kevin Bieksa for Close Hand On Puck.
7:10 of 2nd period - Tim Connolly wins face-off versus Michal Handzus in Flyers zone.
7:27 of 2nd period - Shot by Dany Heatley.
7:27 of 2nd period - Deflect By Michal Handzus.
7:27 of 2nd period - Stopped by Tomas Vokoun with a rebound.
7:31 of 2nd period - Shot by Dany Heatley.
7:31 of 2nd period - Shot Misses the Net.
7:33 of 2nd period - Shot by Radek Dvorak.
7:33 of 2nd period - Shot Misses the Net.
7:35 of 2nd period - Shot by Scott Hannan.
7:35 of 2nd period - Stopped by Tomas Vokoun without a rebound.
7:36 of 2nd period - Ryan Johnson wins face-off versus Alexandre Picard in Flyers zone.
7:43 of 2nd period - Shot by Mark Popovic.
7:43 of 2nd period - Shot Blocked by Ladislav Smid.
7:45 of 2nd period - Shot by Scott Nichol.
7:45 of 2nd period - Deflect By Todd Marchant.
7:45 of 2nd period - Shot Misses the Net.
7:47 of 2nd period - Shot by Todd Marchant.
7:47 of 2nd period - Shot Misses the Net.
7:49 of 2nd period - Shot by Bryce Salvador.
7:49 of 2nd period - Shot Misses the Net.
7:53 of 2nd period - Shot by Ryan Johnson.
7:53 of 2nd period - Shot Misses the Net.
7:57 of 2nd period - Shot by Todd Marchant.
7:57 of 2nd period - Deflect By Ryan Johnson.
7:57 of 2nd period - Shot Blocked by Ladislav Smid.
7:59 of 2nd period - Shot by Bryce Salvador.
7:59 of 2nd period - Shot Blocked by Rob Blake.
8:03 of 2nd period - Shot by Todd Marchant.
8:03 of 2nd period - Goal by Todd Marchant - Oilers : 2 - Flyers : 0.
8:04 of 2nd period - Glen Metropolit wins face-off versus Scott Nichol in neutral zone.
8:59 of 2nd period - Shot by Radim Vrbata.
8:59 of 2nd period - Deflect By John Madden.
8:59 of 2nd period - Stopped by Kari Lehtonen without a rebound.
9:00 of 2nd period - Brendan Morrison wins face-off versus Derek Roy in Oilers zone.
9:11 of 2nd period - Shot by Brendan Morrison.
9:11 of 2nd period - Stopped by Kari Lehtonen without a rebound.
9:12 of 2nd period - Michal Handzus wins face-off versus Radim Vrbata in Oilers zone.
9:12 of 2nd period - Michal Handzus is hit by Alexandre Picard.
10:05 of 2nd period - Shot by Derek Roy.
10:05 of 2nd period - Stopped by Tomas Vokoun with a rebound.
10:09 of 2nd period - Shot by Steve Sullivan.
10:09 of 2nd period - Shot Misses the Net.
10:11 of 2nd period - Shot by Derek Roy.
10:11 of 2nd period - Shot Misses the Net.
10:13 of 2nd period - Shot by Adrian Aucoin.
10:13 of 2nd period - Shot Misses the Net.
10:17 of 2nd period - Shot by Stephen Weiss.
10:17 of 2nd period - Shot Blocked by Kevin Bieksa.
11:00 of 2nd period - Icing by John Madden.
11:01 of 2nd period - John Madden wins face-off versus Michal Handzus in Flyers zone.
11:26 of 2nd period - Shot by Dany Heatley.
11:26 of 2nd period - Shot Misses the Net.
11:28 of 2nd period - Shot by Dany Heatley.
11:28 of 2nd period - Goal by Dany Heatley - Oilers : 3 - Flyers : 0.
11:29 of 2nd period - Derek Roy wins face-off versus Glen Metropolit in neutral zone.
11:29 of 2nd period - Stephen Weiss is hit by Glen Metropolit and loses puck.
12:00 of 2nd period - Shot by Derek Roy.
12:00 of 2nd period - Shot Misses the Net.
12:15 of 2nd period - Icing by Mark Popovic.
12:16 of 2nd period - Ryan Johnson wins face-off versus Brendan Morrison in Oilers zone.
12:16 of 2nd period - Ryan Johnson is hit by Ladislav Smid.
13:12 of 2nd period - Shot by Dany Heatley.
13:12 of 2nd period - Deflect By Michal Handzus.
13:12 of 2nd period - Shot Misses the Net.
13:14 of 2nd period - Shot by Roman Hamrlik.
13:14 of 2nd period - Shot Misses the Net.
13:16 of 2nd period - Shot by Michal Handzus.
13:16 of 2nd period - Stopped by Tomas Vokoun without a rebound.
13:17 of 2nd period - Derek Roy wins face-off versus Kyle Brodziak in Flyers zone.
13:26 of 2nd period - Shot by Steve Sullivan.
13:26 of 2nd period - Stopped by Tomas Vokoun without a rebound.
13:27 of 2nd period - Tim Connolly wins face-off versus Steve Sullivan in Flyers zone.
14:22 of 2nd period - Shot by Jochen Hecht.
14:22 of 2nd period - Shot Misses the Net.
14:24 of 2nd period - Shot by Brendan Morrison.
14:24 of 2nd period - Deflect By Jochen Hecht.
14:24 of 2nd period - Stopped by Kari Lehtonen without a rebound.
14:25 of 2nd period - Michal Handzus wins face-off versus Brendan Morrison in Oilers zone.
14:25 of 2nd period - Michal Handzus is hit by Brendan Morrison.
14:41 of 2nd period - Shot by Chris Pronger.
14:41 of 2nd period - Shot Misses the Net.
14:46 of 2nd period - Minor Penalty to Chris Pronger for Hooking.
14:47 of 2nd period - Jochen Hecht wins face-off versus Michal Handzus in Flyers zone.
16:03 of 2nd period - Icing by Radek Dvorak.
16:04 of 2nd period - Dany Heatley wins face-off versus Kyle Brodziak in Oilers zone.
16:19 of 2nd period - Shot by Dany Heatley.
16:19 of 2nd period - Shot Blocked by Andrei Markov.
16:21 of 2nd period - Shot by Scott Hannan.
16:21 of 2nd period - Shot Misses the Net.
16:37 of 2nd period - Shot by Stephen Weiss.
16:37 of 2nd period - Stopped by Tomas Vokoun without a rebound.
16:38 of 2nd period - Derek Roy wins face-off versus Tim Connolly in Flyers zone.
16:42 of 2nd period - Derek Roy is hit by Brendan Morrison.
18:02 of 2nd period - Shot by Stephen Weiss.
18:02 of 2nd period - Shot Misses the Net.
18:04 of 2nd period - Shot by Derek Roy.
18:04 of 2nd period - Stopped by Tomas Vokoun without a rebound.
18:05 of 2nd period - Brendan Morrison wins face-off versus Derek Roy in Flyers zone.
18:18 of 2nd period - Shot by Steve Sullivan.
18:18 of 2nd period - Stopped by Tomas Vokoun without a rebound.
18:19 of 2nd period - Kyle Brodziak wins face-off versus Michal Handzus in Flyers zone.
18:53 of 2nd period - Shot by Dany Heatley.
18:53 of 2nd period - Stopped by Tomas Vokoun without a rebound.
18:54 of 2nd period - Derek Roy wins face-off versus John Madden in Flyers zone.
18:59 of 2nd period - Shot by Stephen Weiss.
18:59 of 2nd period - Shot Misses the Net.
19:53 of 2nd period - Roman Hamrlik is hit by Jochen Hecht and loses puck.
19:59 of 2nd period - Minor Penalty to Scott Hannan for Roughing.

Period #3

0:01 of 3rd period - Tim Connolly wins face-off versus Scott Nichol in neutral zone.
0:06 of 3rd period - Shot by Tim Connolly.
0:06 of 3rd period - Stopped by Kari Lehtonen without a rebound.
0:07 of 3rd period - John Madden wins face-off versus Scott Nichol in Oilers zone.
1:28 of 3rd period - Shot by Justin Williams.
1:28 of 3rd period - Shot Blocked by Adrian Aucoin.
1:32 of 3rd period - Shot by Chris Pronger.
1:32 of 3rd period - Shot Misses the Net.
2:03 of 3rd period - Derek Roy is hit by Lee Stempniak and loses puck.
5:25 of 3rd period - Minor Penalty to Scott Nichol for Hooking.
5:26 of 3rd period - John Madden wins face-off versus Ryan Johnson in Oilers zone.
5:44 of 3rd period - Off-side.
5:45 of 3rd period - Brendan Morrison wins face-off versus Radek Dvorak in neutral zone.
6:12 of 3rd period - Shot by Jochen Hecht.
6:12 of 3rd period - Deflect By Justin Williams.
6:12 of 3rd period - Stopped by Kari Lehtonen with a rebound.
6:24 of 3rd period - Bryce Salvador is hit by Justin Williams and loses puck.
6:51 of 3rd period - Shot by Radim Vrbata.
6:51 of 3rd period - Stopped by Kari Lehtonen without a rebound.
6:52 of 3rd period - John Madden wins face-off versus Steve Sullivan in Oilers zone.
6:57 of 3rd period - Shot by Kevin Bieksa.
6:57 of 3rd period - Shot Misses the Net.
6:59 of 3rd period - Shot by John Madden.
6:59 of 3rd period - Goal by John Madden - Oilers : 3 - Flyers : 1.
7:00 of 3rd period - Derek Roy wins face-off versus Glen Metropolit in neutral zone.
7:03 of 3rd period - Chris Pronger is hit by Stephen Weiss and loses puck.
7:31 of 3rd period - Steve Sullivan is hit by Chris Pronger and loses puck.
8:01 of 3rd period - Minor Penalty to Scott Hannan for Interference.
8:02 of 3rd period - Brendan Morrison wins face-off versus Scott Nichol in Oilers zone.
8:05 of 3rd period - Shot by Chris Pronger.
8:05 of 3rd period - Shot Misses the Net.
8:07 of 3rd period - Shot by Brendan Morrison.
8:07 of 3rd period - Stopped by Kari Lehtonen without a rebound.
8:08 of 3rd period - Scott Nichol wins face-off versus John Madden in Oilers zone.
8:08 of 3rd period - Scott Nichol is hit by Alexandre Picard.
8:59 of 3rd period - Icing by Chris Pronger.
9:00 of 3rd period - Tim Connolly wins face-off versus Radek Dvorak in Flyers zone.
9:23 of 3rd period - Shot by Chris Pronger.
9:23 of 3rd period - Stopped by Kari Lehtonen without a rebound.
9:24 of 3rd period - Jochen Hecht wins face-off versus Scott Nichol in Oilers zone.
9:53 of 3rd period - Shot by Chris Pronger.
9:53 of 3rd period - Shot Misses the Net.
10:19 of 3rd period - Derek Roy is hit by Ladislav Smid and loses puck.
10:24 of 3rd period - Shot by Derek Roy.
10:24 of 3rd period - Stopped by Tomas Vokoun with a rebound.
10:26 of 3rd period - Shot by Steve Sullivan.
10:26 of 3rd period - Shot Misses the Net.
10:28 of 3rd period - Shot by Derek Roy.
10:28 of 3rd period - Shot Misses the Net.
11:04 of 3rd period - Shot by Radim Vrbata.
11:04 of 3rd period - Stopped by Kari Lehtonen without a rebound.
11:05 of 3rd period - Ryan Johnson wins face-off versus Glen Metropolit in Oilers zone.
11:05 of 3rd period - Ryan Johnson is hit by Jochen Hecht.
11:19 of 3rd period - Shot by Jochen Hecht.
11:19 of 3rd period - Stopped by Kari Lehtonen without a rebound.
11:20 of 3rd period - Scott Nichol wins face-off versus John Madden in Oilers zone.
11:27 of 3rd period - Shot by Scott Hannan.
11:27 of 3rd period - Shot Misses the Net.
11:58 of 3rd period - Bryce Salvador is hit by Tim Connolly and loses puck.
12:13 of 3rd period - Shot by Chris Pronger.
12:13 of 3rd period - Stopped by Kari Lehtonen without a rebound.
12:14 of 3rd period - Kyle Brodziak wins face-off versus Steve Sullivan in Oilers zone.
13:17 of 3rd period - Shot by Roman Hamrlik.
13:17 of 3rd period - Shot Misses the Net.
13:21 of 3rd period - Shot by Dany Heatley.
13:21 of 3rd period - Deflect By Radek Dvorak.
13:21 of 3rd period - Shot Misses the Net.
13:23 of 3rd period - Shot by Michal Handzus.
13:23 of 3rd period - Stopped by Tomas Vokoun with a rebound.
13:25 of 3rd period - Shot by Roman Hamrlik.
13:25 of 3rd period - Stopped by Tomas Vokoun without a rebound.
13:26 of 3rd period - Ryan Johnson wins face-off versus Brendan Morrison in Flyers zone.
16:09 of 3rd period - Dany Heatley is hit by Lee Stempniak.
16:19 of 3rd period - Derek Roy is hit by Lee Stempniak and loses puck.
17:16 of 3rd period - Minor Penalty to Andrew Ladd for Hooking.
17:17 of 3rd period - John Madden wins face-off versus Scott Nichol in Oilers zone.
18:48 of 3rd period - Minor Penalty to John Madden for Holding.
18:49 of 3rd period - Derek Roy wins face-off versus Tim Connolly in Flyers zone.
18:57 of 3rd period - Icing by Glen Metropolit.
18:58 of 3rd period - Stephen Weiss wins face-off versus Tim Connolly in Flyers zone.
19:09 of 3rd period - Shot by Stephen Weiss.
19:09 of 3rd period - Shot Misses the Net.


Output by the SimonT Hockey Simulator (STHS) for Stephane Roy -- Original Page W3C XHTML 1.0 Valid